 Dungeon Crawl Stone Soup version 0.20-b1-2-gc5a9893 (webtiles) character file.

11188 Hailrake the Fighter (level 11, -10/107 HPs)
             Began as a Minotaur Berserker on May 22, 2017.
             Was a High Priest of Trog.
             Mangled by Snorg (16 damage)
             ... on level 1 of the Orcish Mines.
             The game lasted 00:37:31 (11731 turns).

Hailrake the Fighter (Minotaur Berserker)          Turns: 11731, Time: 00:37:32

Health: -10/107    AC: 18    Str: 25    XL:     11   Next: 46%
Magic:  3/3        EV:  9    Int:  7    God:    Trog [*****.]
Gold:   596        SH:  0    Dex: 13    Spells: 10/10 levels left

rFire    . . .     SeeInvis .   i - +6 dire flail (antimagic)
rCold    . . .     Gourm    .   (shield currently unavailable)
rNeg     . . .     Faith    .   d - +0 plate armour
rPois    .         Spirit   .   (helmet restricted)
rElec    .         Reflect  .   (no cloak)
rCorr    .         Harm     .   y - +0 pair of gloves
MR       ++...                  v - +0 pair of boots
Stlth    ..........             a - amulet of regeneration
Regen    1.7/turn               n - +3 ring of dexterity
MPRegen  0.1/turn               b - +3 ring of intelligence

@: regenerating
A: retaliatory headbutt, horns 2
a: Berserk, Trog's Hand, Brothers in Arms, Burn Spellbooks, Renounce Religion


You were on level 1 of the Orcish Mines.
You worshipped Trog.
Trog was extremely pleased with you.
You were not hungry.

You visited 3 branches of the dungeon, and saw 12 of its levels.

You collected 849 gold pieces.
You spent 253 gold pieces at shops.

Inventory:

Hand Weapons
 i - a +6 antimagic dire flail (weapon)
 o - a +0 flail
 w - a +2 whip of electrocution
 x - a +1 mace of protection
Armour
 d - a +0 plate armour (worn)
 v - a +0 pair of boots (worn)
 y - a +0 pair of gloves (worn)
Jewellery
 a - an amulet of regeneration (around neck)
 b - a +3 ring of intelligence (right hand)
 n - a +3 ring of dexterity (left hand)
 t - an uncursed ring of protection from cold
Scrolls
 g - 2 scrolls of remove curse
 j - 2 scrolls of recharging
 l - 2 scrolls of teleportation {unknown}
 m - a scroll of amnesia {unknown}
 q - a scroll of enchant weapon
 s - a scroll of brand weapon {unknown}
 A - a scroll of random uselessness {unknown}
 C - a scroll of blinking {unknown}
 F - a scroll of acquirement {unknown}
Potions
 h - 3 potions of flight
 k - a potion of curing
 r - a potion of might
 z - a potion of resistance {unknown}
 B - a potion of mutation {unknown}
 D - a potion of agility {unknown}
 E - 2 potions of magic {unknown}
Comestibles
 c - 3 bread rations
 f - 5 royal jellies
 p - 5 meat rations


   Skills:
 * Level 13.0 Fighting
 + Level 12.6 Maces & Flails
 + Level 11.9 Armour
 - Level 3.8 Dodging
 - Level 0.8 Stealth


You had 10 spell levels left.
You didn't know any spells.

Dungeon Overview and Level Annotations

Branches:
Dungeon (10/15)            Temple (1/1) D:7             Orc (1/2) D:9
   Lair: D:8-11

Altars:
Ashenzari
Cheibriados
Dithmenos
Elyvilon
Gozag
Makhleb
Nemelex Xobeh
Qazlal
Ru
Sif Muna
Trog
Uskayaw
Xom
Yredelemnul
Zin

Shops:
D:6 (   D:7 ::}

Annotations:
Orc:1 Snorg


Innate Abilities, Weirdness & Mutations

You reflexively headbutt those who attack you in melee.
You have a pair of horns on your head.


Message History

Snorg bites you but does no damage. Snorg claws you but does no damage. x2
Snorg bites you. Snorg barely misses you. Snorg claws you. Snorg bites you.
Snorg barely misses you. Snorg claws you!
* * * LOW HITPOINT WARNING * * *
You closely miss Snorg. Your headbutt misses Snorg.
Snorg is lightly wounded.
Snorg barely misses you. You furiously retaliate!
You headbutt Snorg! Snorg claws you but does no damage. Snorg claws you!
* * * LOW HITPOINT WARNING * * *
You hit Snorg. You headbutt Snorg!
Snorg is moderately wounded.
Snorg bites you.
* * * LOW HITPOINT WARNING * * *
Snorg claws you but does no damage. Snorg misses you.
You impale Snorg!! Your headbutt misses Snorg.
Snorg is heavily wounded.
Snorg bites you!
* * * LOW HITPOINT WARNING * * *
Snorg claws you!
You die...

#..# ### #... ##.#
#..### #####... #....##
##.#.##..
##.....#######..^.....
##..$.$..#.#.#.........
##...##.................
#.....#T...............#
# #.@..##..#.......##
#..$...............#
#..##...............
#... #...............
#...##.......>........
##.# ##.##............
## .......##.#. ... ###.
#..


You could see Snorg (berserk).

Vanquished Creatures
  A two-headed ogre (D:8)
  Erica (D:10)
  Pikel (D:7)
  A manticore (D:9)
  A centaur skeleton (D:10)
  The ghost of Hailrake the Cudgeler, an amateur HOFi of Makhleb (D:5)
  A queen bee (D:8)
  3 hippogriffs
  Grum (D:7)
  9 yaks
  A wyvern (D:9)
  2 vampire mosquitoes (D:10)
  A warg (Orc:1)
  The ghost of kalagan the Digger, an amateur OpEE (D:3)
  5 orc warriors
  Duvessa (D:7)
  A black bear (D:9)
  3 ice beasts
  A sky beast (D:7)
  A necrophage (D:10)
  2 wolves (D:8)
  4 centaurs
  6 ogres
  2 big kobolds (D:10)
  3 bullfrogs
  Dowan (D:7)
  7 scorpions
  22 killer bees
  7 wights
  2 howler monkeys
  3 crimson imps
  2 bullfrog zombies (D:9)
  A quasit (D:6)
  11 orc wizards
  6 hounds
  A bullfrog skeleton (D:5)
  6 orc priests
  4 jellies
  Jessica (D:2)
  4 iguanas
  2 worker ants
  A hound zombie (D:5)
  2 worker ant zombies
  7 gnolls (D:7)
  A howler monkey skeleton (D:7)
  20 adders
  A shadow imp (D:10)
  An ooze (D:1)
  An adder skeleton (D:6)
  2 adder zombies (D:9)
  5 worms
  2 dart slugs (D:1)
  3 leopard geckos
  41 orcs
  3 ball pythons
  5 bats
  5 giant cockroaches
  8 goblins
  10 hobgoblins
  7 jackals
  7 quokkas
  6 frilled lizards
  A jackal zombie (D:7)
  22 kobolds
  3 leopard gecko skeletons
  8 rats
306 creatures vanquished.

Vanquished Creatures (others)
  A bullfrog (D:7)
  3 howler monkeys (D:7)
4 creatures vanquished.

Grand Total: 310 creatures vanquished

Notes
Turn   | Place    | Note
-------+----------+-------------------------------------------
     0 | D:1      | Hailrake the Minotaur Berserker began the quest for the Orb.
     0 | D:1      | Reached XP level 1. HP: 19/19 MP: 0/0
   319 | D:1      | Reached XP level 2. HP: 27/27 MP: 1/1
   966 | D:2      | Reached XP level 3. HP: 17/33 MP: 2/2
  1248 | D:2      | Reached skill level 4 in Fighting
  1301 | D:2      | HP: 1/33 [kobold (4)]
  1442 | D:2      | Reached skill level 5 in Maces & Flails
  1446 | D:2      | Reached XP level 4. HP: 21/40 MP: 3/3
  1809 | D:2      | Noticed Jessica
  1816 | D:2      | Killed Jessica
  1816 | D:2      | Reached ** piety under Trog
  1822 | D:2      | Found a burning altar of Makhleb.
  2337 | D:2      | Reached XP level 5. HP: 46/46 MP: 4/4
  2611 | D:3      | Noticed kalagan's ghost (amateur OpEE)
  2623 | D:3      | Killed kalagan's ghost
  2623 | D:3      | Reached XP level 6. HP: 47/53 MP: 5/5
  3163 | D:4      | Found a sacrificial altar of Ru.
  3169 | D:4      | Reached *** piety under Trog
  3244 | D:4      | Reached skill level 5 in Fighting
  3951 | D:5      | Entered Level 5 of the Dungeon
  3971 | D:5      | Noticed Hailrake's ghost (amateur HOFi)
  3983 | D:5      | Killed Hailrake's ghost
  3983 | D:5      | Reached XP level 7. HP: 61/61 MP: 6/6
  4088 | D:5      | Reached skill level 6 in Fighting
  4088 | D:5      | Reached skill level 5 in Armour
  4597 | D:5      | Reached XP level 8. HP: 71/71 MP: 7/7
  5012 | D:6      | Received a gift from Trog
  5041 | D:6      | Reached skill level 7 in Fighting
  5407 | D:6      | Reached **** piety under Trog
  5879 | D:6      | Found Nogi's Antique Weapon Emporium.
  5921 | D:6      | Bought a glowing whip for 121 gold pieces
  5921 | D:6      | Bought a glowing mace for 132 gold pieces
  6423 | D:7      | Found a staircase to the Ecumenical Temple.
  6431 | D:7      | Found a flagged portal.
  6448 | Temple   | Entered the Ecumenical Temple
  6653 | D:7      | Found Ehuhaly's Quality Used Wands.
  6661 | D:7      | Noticed Duvessa
  6669 | D:7      | Killed Duvessa
  6669 | D:7      | Reached skill level 8 in Fighting
  6671 | D:7      | Noticed Dowan
  6681 | D:7      | Killed Dowan
  6681 | D:7      | Reached XP level 9. HP: 81/81 MP: 8/8
  6808 | D:7      | Found Cusch's Book Shop.
  6832 | D:7      | Reached skill level 10 in Maces & Flails
  7003 | D:7      | Found Emano's Book Emporium.
  7131 | D:7      | Noticed Pikel
  7135 | D:7      | Killed Pikel
  7135 | D:7      | Reached skill level 9 in Fighting
  7431 | D:8      | Noticed Grum
  7472 | D:7      | HP: 4/85 [poisoned by a scorpion]
  7477 | D:7      | HP: 2/85 [poisoned by a scorpion]
  7934 | D:7      | Killed Grum
  7934 | D:7      | Reached skill level 10 in Fighting
  8036 | D:8      | Reached XP level 10. HP: 86/93 MP: 9/9
  8501 | D:8      | Reached ***** piety under Trog
  8698 | D:8      | Noticed a two-headed ogre
  8705 | D:8      | Killed a two-headed ogre
  8705 | D:8      | Reached skill level 11 in Fighting
  8866 | D:8      | Reached skill level 10 in Armour
  9353 | D:9      | Found a staircase to the Orcish Mines.
  9598 | D:9      | Found a shimmering altar of Xom.
  9789 | D:9      | Noticed a manticore
  9806 | D:9      | Killed a manticore
 10315 | D:9      | Reached XP level 11. HP: 84/104 MP: 10/10
 10574 | D:9      | Reached skill level 12 in Fighting
 10612 | D:10     | Entered Level 10 of the Dungeon
 10971 | D:10     | Received a gift from Trog
 11064 | D:10     | Noticed Erica
 11091 | D:10     | Killed Erica
 11586 | Orc:1    | Entered Level 1 of the Orcish Mines
 11633 | Orc:1    | Reached skill level 13 in Fighting
 11711 | Orc:1    | Noticed Snorg
 11731 | Orc:1    | Mangled by Snorg

Skill      XL: |  1  2  3  4  5  6  7  8  9 10 11 |
---------------+----------------------------------+-----
Maces & Flails | 4 5 6 7 8 9 11 12 | 12.6
Fighting       | 4 5 6 8 10 11 13 | 13.0
Armour         | 3 4 5 7 9 11 | 11.9
Dodging        | 3 |  3.8
Stealth        | |  0.8

Action                   |  1- 3 |  4- 6 |  7- 9 | 10-12 || total
-------------------------+-------+-------+-------+-------++-------
Melee: Mace              |    61 |   159 |    38 |       ||   258
       Headbutt          |     4 |    19 |    48 |    71 ||   142
       Flail             |       |       |   112 |       ||   112
       Whip              |       |       |   134 |   279 ||   413
       Dire flail        |       |       |       |    65 ||    65
Invok: Berserk           |       |     3 |     6 |     6 ||    15
       Burn Spellbooks   |       |       |     1 |     1 ||     2
       Trog's Hand       |       |       |       |     3 ||     3
  Use: Scroll            |       |     6 |     2 |     4 ||    12
       Potion            |       |       |     1 |     1 ||     2
 Stab: Sleeping          |       |     1 |       |       ||     1
       Paralysed         |       |     1 |       |       ||     1
  Eat: Chunk             |     1 |       |       |       ||     1
       Bread ration      |       |     2 |     4 |       ||     6
       Royal jelly       |       |     1 |       |     4 ||     5
       Fruit             |       |       |     4 |       ||     4
       Meat ration       |       |       |       |     2 ||     2
Armor: Animal skin       |     8 |     4 |       |       ||    12
       Plate armour      |       |    80 |   175 |   170 ||   425
Dodge: Dodged            |    43 |    77 |   111 |   147 ||   378
